Senators vs Penguins
Created - March 22, 2022 at 19:29
Goals
|
| Senators |
1 |
2 |
1 |
4 |
| Penguins |
0 |
1 |
1 |
2 |
|
Shots
|
| Senators |
16 |
14 |
7 |
37 |
| Penguins |
9 |
12 |
8 |
29 |
|
1st period
1. Senators , Zemgus Girgensons 26 (Oliver Bjorkstrand 22, Tomas Jurco 21) at 9:03
Penalties :
Adam Ollas-Mattsson (Bel) for Interference (Minor) at 4:31, Michael Matheson (Bel) for Holding (Minor) at 9:25
2nd period
2. Penguins , Andy Andreoff 14 (Josh Jooris 23, Christopher Tanev 6) at 6:26
3. Senators , Dmitry Sinitsyn 6 (Christoph Bertschy 36, Zachary Sanford 32) at 9:53
4. Senators , Zemgus Girgensons 27 (Keegan Lowe 18) at 10:11
Penalties :
Roope Hintz (Wil) for Holding (Minor) at 10:14, Sam Reinhart (Wil) for Slashing (Minor) at 19:11
3rd period
5. Penguins , Josh Jooris 21 (Dakota Mermis 20, Andy Andreoff 17) at 7:01
6. Senators , Zachary Sanford 23 (Keegan Lowe 19) at 19:48 (Empty Net)
Penalties :
Cedric Paquette (Wil) for Holding (Minor) at 12:26
Goalie Stats
Garret Sparks (Bel), 27 saves from 29 shots - (0.931), W, 6-4-1, 60:00 minutes
Connor Hellebyuk (Wil), 33 saves from 36 shots - (0.917), L, 17-15-1, 59:17 minutes
Players Stats for Senators
Player Name G A P +/- PIM S H SB GA TA FO MP PP MP PK MP
------------------------------------------------------------------------------------
A.J. Jenks 0 0 0 0 0 1 0 0 0 0 1/2 10:33 0:14 0:03
Adam Ollas-Mattsson 0 0 0 0 2 0 0 0 0 0 0/0 2:35 0:00 0:32
Christoph Bertschy 0 1 1 1 0 5 2 0 1 0 13/28 23:29 3:07 2:30
Dmitry Sinitsyn 1 0 1 0 0 2 0 1 0 1 0/0 24:20 3:54 2:17
Grant Besse 0 0 0 0 0 0 0 0 0 0 0/0 10:07 0:00 0:00
Jacob De La Rose 0 0 0 0 0 3 0 0 0 0 1/3 8:47 0:00 0:00
Joonas Lyytinen 0 0 0 1 0 0 2 2 0 0 0/0 12:18 0:00 0:00
Jordan Schroeder 0 0 0 1 0 5 0 1 0 0 9/18 18:15 2:50 1:25
Keegan Lowe 0 2 2 1 0 0 1 4 0 2 0/0 21:26 2:03 1:41
Kevin Rooney 0 0 0 0 0 3 0 0 0 1 0/0 8:51 0:00 0:00
Michael Matheson 0 0 0 0 2 3 2 1 2 0 0/0 25:00 3:54 1:02
Nikita Nesterov 0 0 0 1 0 1 0 0 0 1 0/0 13:02 0:00 0:43
Oliver Bjorkstrand 0 1 1 1 0 4 2 1 0 0 0/0 16:30 2:50 0:00
Scott Harrington 0 0 0 1 0 1 3 1 0 0 0/0 21:26 2:03 1:41
Tomas Jurco 0 1 1 1 0 5 3 1 0 1 0/1 20:15 2:53 0:00
Vitaly Abramov 0 0 0 0 0 0 0 0 0 0 0/0 9:08 0:00 0:00
William Bitten 0 0 0 0 0 0 2 0 0 0 0/0 8:47 0:00 0:00
Zachary Sanford 1 1 2 1 0 2 2 0 1 0 3/3 23:13 3:07 2:30
Zemgus Girgensons 2 0 2 1 0 2 3 1 0 0 0/1 17:58 2:50 1:28
Players Stats for Penguins
Player Name G A P +/- PIM S H SB GA TA FO MP PP MP PK MP
------------------------------------------------------------------------------------
Adam Brooks 0 0 0 -2 0 0 2 0 0 0 2/2 9:33 0:00 0:13
Andy Andreoff 1 1 2 0 0 1 1 1 0 0 2/4 22:21 2:25 3:41
Anthony Beauvillier 0 0 0 0 0 1 1 0 1 0 1/1 11:41 0:06 1:08
Brett Pollock 0 0 0 0 0 0 0 0 0 0 0/0 0:00 0:00 0:00
Cedric Paquette 0 0 0 0 2 2 0 0 0 0 4/14 17:26 1:27 1:33
Christopher Tanev 0 1 1 0 0 2 1 2 0 0 0/0 26:53 2:25 3:10
Curtis Hamilton 0 0 0 -2 0 1 0 2 0 0 0/0 9:15 0:00 0:00
Dakota Mermis 0 1 1 0 0 4 1 2 3 2 0/0 26:53 2:25 3:10
Danny Biega 0 0 0 -1 0 1 0 1 0 0 0/0 18:34 1:33 2:47
Denis Malgin 0 0 0 0 0 0 0 0 0 0 1/1 1:56 0:06 1:42
Frederick Gaudreau 0 0 0 0 0 0 0 0 0 0 4/5 10:28 0:00 0:00
Gavin Bayreuther 0 0 0 -1 0 0 0 1 0 1 0/0 18:34 1:33 2:47
Iven Barbashev 0 0 0 -2 0 0 1 1 0 1 0/0 9:26 0:00 0:00
John Marino 0 0 0 -1 0 2 0 0 1 0 0/0 14:33 0:00 0:00
Josh Ho-Sang 0 0 0 0 0 0 0 0 0 0 0/0 0:00 0:00 0:00
Josh Jooris 1 1 2 0 0 8 1 0 0 0 0/1 18:54 2:31 0:00
Juuso Ikonen 0 0 0 0 0 0 0 0 0 0 0/0 0:00 0:00 0:00
Kyle Connor 0 0 0 0 0 2 0 1 0 0 2/2 16:15 1:27 1:08
Matthew Finn 0 0 0 -1 0 1 0 1 0 0 0/0 14:33 0:00 0:00
Max Gortz 0 0 0 0 0 0 0 0 0 0 0/0 0:00 0:00 0:00
Raphael Bussieres 0 0 0 0 0 0 0 0 0 0 0/0 0:00 0:00 0:00
Roope Hintz 0 0 0 0 2 1 3 0 0 0 13/26 21:21 2:25 2:29
Sam Kurker 0 0 0 0 0 0 0 0 0 0 0/0 0:00 0:00 0:00
Sam Reinhart 0 0 0 0 2 1 2 0 1 0 0/0 10:01 0:00 0:00
Vince Hinostroza 0 0 0 0 0 2 3 0 0 0 0/0 15:22 1:27 0:00
3 Stars
1 - Zemgus Girgensons (Bel)
2 - Zachary Sanford (Bel)
3 - Keegan Lowe (Bel)
Power Play
Senators - 0 on 4 Attempt(s) - 0.00%
Penguins - 0 on 1 Attempt(s) - 0.00%
Penalty Kill
Senators - 1 on 1 Attempt(s) - 100.00%
- Score 0 goal in Penalty Kill
Penguins - 4 on 4 Attempt(s) - 100.00%
- Score 0 goal in Penalty Kill
Team Stat
Senators - Hits : 22 - Faceoff Wins : 27 - Blocked Shots : 13 - Penalty Minutes : 4
Penguins - Hits : 16 - Faceoff Wins : 29 - Blocked Shots : 12 - Penalty Minutes : 6
Official
Referees : Kelly Sutherland and Justin St. Pierre
Linesman : Bryan Pancich and Vaughan Rody
Game Notes
4:02 of 2nd period - Penalty Shot by Adam Brooks for Penguins - Stopped by Garret Sparks
9:53 of 2nd period - Senators goal is going for a video replay. After video review, Goal.
Zachary Sanford has scored in a empty net!
Finance
Level 1 -- Attendance: 2000 (100.00%) -- Ticket Income $70,000
Level 2 -- Attendance: 949 (94.90%) -- Ticket Income $14,235
Total Attendance: 2949 (98.30%)
Total Ticket Income: $84,235
Other Income: $4,212
Total Income: $88,447
Senators
5 vs 5 Forward
Center Left Wing Right Wing Time % Phy DF OF
1 Christoph Bertschy Zachary Sanford Tomas Jurco 40 1 2 2
2 Jordan Schroeder Zemgus Girgensons Oliver Bjorkstrand 30 1 2 2
3 Kevin Rooney A.J. Jenks Grant Besse 20 1 2 2
4 Jacob De La Rose Vitaly Abramov William Bitten 10 1 2 2
5 vs 5 Defense
Defense Defense Time % Phy DF OF
1 Michael Matheson Dmitry Sinitsyn 40 1 2 2
2 Keegan Lowe Scott Harrington 30 1 2 2
3 Nikita Nesterov Joonas Lyytinen 20 1 2 2
4 Adam Ollas-Mattsson Michael Matheson 10 1 2 2
PowerPlay Forward
Center Left Wing Right Wing Time % Phy DF OF
1 Christoph Bertschy Zachary Sanford Tomas Jurco 60 0 1 4
2 Jordan Schroeder Zemgus Girgensons Oliver Bjorkstrand 40 0 1 4
PowerPlay Defense
Defense Defense Time % Phy DF OF
1 Michael Matheson Dmitry Sinitsyn 60 0 1 4
2 Keegan Lowe Scott Harrington 40 0 1 4
Penalty Kill 4 Players Forward
Center Wing Time % Phy DF OF
1 Christoph Bertschy Zachary Sanford 60 1 2 2
2 Jordan Schroeder Zemgus Girgensons 40 1 2 2
Penalty Kill 4 Players Defense
Defense Defense Time % Phy DF OF
1 Michael Matheson Dmitry Sinitsyn 60 1 2 2
2 Keegan Lowe Scott Harrington 40 1 2 2
Penalty Kill - 3 Players Forward
Forward Time % Phy DF OF
1 Christoph Bertschy 60 1 2 2
2 Jordan Schroeder 40 1 2 2
Penalty Kill - 3 Players Defense
Defense Defense Time % Phy DF OF
1 Michael Matheson Dmitry Sinitsyn 60 1 2 2
2 Keegan Lowe Scott Harrington 40 1 2 2
4 vs 4 Forward
Center Wing Time % Phy DF OF
1 Christoph Bertschy Zachary Sanford 60 1 2 2
2 Jordan Schroeder Zemgus Girgensons 40 1 2 2
4 vs 4 Defense
Defense Defense Time % Phy DF OF
1 Michael Matheson Dmitry Sinitsyn 60 1 2 2
2 Keegan Lowe Scott Harrington 40 1 2 2
Last Minutes Offensive
Center Left Wing Right Wing Defense Defense
Christoph Bertschy Zachary Sanford Tomas Jurco Michael Matheson Dmitry Sinitsyn
Last Minutes Defensive
Center Left Wing Right Wing Defense Defense
Christoph Bertschy Zachary Sanford Tomas Jurco Michael Matheson Dmitry Sinitsyn
Goaltenders
Starting : Garret Sparks
Backup : Scott Wedgewood
Extra Forwards
Normal : A.J. Jenks, Christoph Bertschy, Jordan Schroeder - PP : A.J. Jenks, Christoph Bertschy - PK : A.J. Jenks
Extra Defensemen
Normal : Nikita Nesterov, Joonas Lyytinen, Adam Ollas-Mattsson - PP : Nikita Nesterov - PK : Nikita Nesterov, Joonas Lyytinen
Penalty Shots
Tomas Jurco, Oliver Bjorkstrand, Zachary Sanford, Zemgus Girgensons, A.J. Jenks
Scratches
Chandler Stephenson (Healthy), Gustav Forsling (Healthy), Jonas Siegenthaler (Healthy), Mason Geertsen (Healthy), Arttu Ruotsalainen (Healthy)
Cliff Pu (Healthy), Keven Bouchard (Healthy)
Penguins
5 vs 5 Forward
Center Left Wing Right Wing Time % Phy DF OF
1 Roope Hintz Andy Andreoff Josh Jooris 40 1 2 2
2 Cedric Paquette Kyle Connor Vince Hinostroza 30 1 2 2
3 Frederick Gaudreau Anthony Beauvillier Sam Reinhart 20 1 2 2
4 Adam Brooks Curtis Hamilton Iven Barbashev 10 1 2 2
5 vs 5 Defense
Defense Defense Time % Phy DF OF
1 Christopher Tanev Dakota Mermis 40 1 2 2
2 Danny Biega Gavin Bayreuther 30 1 2 2
3 John Marino Matthew Finn 20 1 2 2
4 Christopher Tanev Dakota Mermis 10 1 2 2
PowerPlay Forward
Center Left Wing Right Wing Time % Phy DF OF
1 Roope Hintz Andy Andreoff Josh Jooris 60 1 2 2
2 Cedric Paquette Kyle Connor Vince Hinostroza 40 1 2 2
PowerPlay Defense
Defense Defense Time % Phy DF OF
1 Christopher Tanev Dakota Mermis 60 1 2 2
2 Danny Biega Gavin Bayreuther 40 1 2 2
Penalty Kill 4 Players Forward
Center Wing Time % Phy DF OF
1 Roope Hintz Andy Andreoff 60 1 2 2
2 Cedric Paquette Kyle Connor 40 1 2 2
Penalty Kill 4 Players Defense
Defense Defense Time % Phy DF OF
1 Christopher Tanev Dakota Mermis 60 1 2 2
2 Danny Biega Gavin Bayreuther 40 1 2 2
Penalty Kill - 3 Players Forward
Forward Time % Phy DF OF
1 Roope Hintz 60 1 2 2
2 Cedric Paquette 40 1 2 2
Penalty Kill - 3 Players Defense
Defense Defense Time % Phy DF OF
1 Christopher Tanev Dakota Mermis 60 1 2 2
2 Danny Biega Gavin Bayreuther 40 1 2 2
4 vs 4 Forward
Center Wing Time % Phy DF OF
1 Roope Hintz Andy Andreoff 60 1 2 2
2 Cedric Paquette Kyle Connor 40 1 2 2
4 vs 4 Defense
Defense Defense Time % Phy DF OF
1 Christopher Tanev Dakota Mermis 60 1 2 2
2 Danny Biega Gavin Bayreuther 40 1 2 2
Last Minutes Offensive
Center Left Wing Right Wing Defense Defense
Roope Hintz Andy Andreoff Josh Jooris Christopher Tanev Dakota Mermis
Last Minutes Defensive
Center Left Wing Right Wing Defense Defense
Roope Hintz Andy Andreoff Josh Jooris Christopher Tanev Dakota Mermis
Goaltenders
Starting : Connor Hellebyuk
Backup : Anthony Stolarz
Extra Forwards
Normal : Roope Hintz, Cedric Paquette, Frederick Gaudreau - PP : Roope Hintz, Cedric Paquette - PK : Roope Hintz
Extra Defensemen
Normal : Gavin Bayreuther, John Marino, Matthew Finn - PP : Gavin Bayreuther - PK : Gavin Bayreuther, John Marino
Penalty Shots
Josh Jooris, Andy Andreoff, Vince Hinostroza, Sam Reinhart, Roope Hintz
Scratches
Andrew O'Brien (Left Hand Injury), Steven Spinner (Healthy), German Rubtsov (Healthy)
% Time on Ice - Senators
Lines # - Real PCT - Wanted PCT - Time Play
Normal Forward
1 - 34% - 40% - 16:35
2 - 30% - 30% - 14:54
3 - 18% - 20% - 8:51
4 - 18% - 10% - 8:47
Normal Defense
1 - 37% - 40% - 18:09
2 - 34% - 30% - 16:44
3 - 25% - 20% - 12:10
4 - 4% - 10% - 2:04
PP Forward
1 - 52% - 60% - 3:07
2 - 48% - 40% - 2:50
PP Defense
1 - 66% - 60% - 3:54
2 - 34% - 40% - 2:03
PK Forward
1 - 64% - 60% - 2:33
2 - 36% - 40% - 1:25
PK Defense
1 - 58% - 60% - 2:17
2 - 42% - 40% - 1:41
PK3 Forward
1 - 0% - 60%
2 - 0% - 40%
PK3 Defense
1 - 0% - 60%
2 - 0% - 40%
44 Forward
1 - 0% - 60%
2 - 0% - 40%
44 Defense
1 - 0% - 60%
2 - 0% - 40%
Last Minute Offensive - 0:00
Last Minute Defensive - 0:58
Total
Forward - 60:00
Defense - 60:00
|
% Time on Ice - Penguins
Lines # - Real PCT - Wanted PCT - Time Play
Normal Forward
1 - 32% - 40% - 15:54
2 - 28% - 30% - 13:57
3 - 20% - 20% - 10:00
4 - 19% - 10% - 9:15
Normal Defense
1 - 38% - 40% - 18:41
2 - 29% - 30% - 14:14
3 - 30% - 20% - 14:33
4 - 3% - 10% - 1:38
PP Forward
1 - 63% - 60% - 2:31
2 - 37% - 40% - 1:27
PP Defense
1 - 61% - 60% - 2:25
2 - 39% - 40% - 1:33
PK Forward
1 - 81% - 60% - 4:49
2 - 19% - 40% - 1:08
PK Defense
1 - 53% - 60% - 3:10
2 - 47% - 40% - 2:47
PK3 Forward
1 - 0% - 60%
2 - 0% - 40%
PK3 Defense
1 - 0% - 60%
2 - 0% - 40%
44 Forward
1 - 0% - 60%
2 - 0% - 40%
44 Defense
1 - 0% - 60%
2 - 0% - 40%
Last Minute Offensive - 0:59
Last Minute Defensive - 0:00
Total
Forward - 60:00
Defense - 60:00
|
Play-by-Play
1st period
0:01 of 1st period - Christoph Bertschy wins face-off versus Roope Hintz in neutral zone.
0:10 of 1st period - Slapshot by Christoph Bertschy.
0:10 of 1st period - Stopped by Connor Hellebyuk without a rebound.
0:11 of 1st period - Cedric Paquette wins face-off versus Jordan Schroeder in Penguins zone.
0:26 of 1st period - Snap shot by Kyle Connor.
0:26 of 1st period - Shot Blocked by Keegan Lowe.
1:15 of 1st period - Off-side.
1:16 of 1st period - Adam Brooks wins face-off versus Jacob De La Rose in neutral zone.
1:24 of 1st period - Curtis Hamilton is hit by William Bitten.
1:47 of 1st period - Slapshot by Andy Andreoff.
1:47 of 1st period - Shot Misses the Net.
2:09 of 1st period - Snap shot by Kyle Connor.
2:09 of 1st period - Stopped by Garret Sparks without a rebound.
2:10 of 1st period - Christoph Bertschy wins face-off versus Cedric Paquette in Senators zone.
2:32 of 1st period - Icing by Keegan Lowe.
2:33 of 1st period - Roope Hintz wins face-off versus Christoph Bertschy in Senators zone.
3:01 of 1st period - Snap shot by Kevin Rooney.
3:01 of 1st period - Stopped by Connor Hellebyuk with a rebound.
3:23 of 1st period - Jordan Schroeder is hit by Vince Hinostroza and loses puck.
3:32 of 1st period - Snap shot by Vince Hinostroza.
3:32 of 1st period - Shot Blocked by Michael Matheson.
3:44 of 1st period - Iven Barbashev is hit by William Bitten and loses puck.
3:49 of 1st period - Snap shot by Jacob De La Rose.
3:49 of 1st period - Stopped by Connor Hellebyuk without a rebound.
3:50 of 1st period - Jacob De La Rose wins face-off versus Roope Hintz in Penguins zone.
4:14 of 1st period - Off-side.
4:15 of 1st period - Cedric Paquette wins face-off versus Christoph Bertschy in neutral zone.
4:31 of 1st period - Minor Penalty to Adam Ollas-Mattsson for Interference.
4:32 of 1st period - Christoph Bertschy wins face-off versus Roope Hintz in Senators zone.
5:06 of 1st period - Snap shot by Vince Hinostroza.
5:06 of 1st period - Deflect By Kyle Connor.
5:06 of 1st period - Shot Misses the Net.
5:06 of 1st period - Puck is out of play.
5:07 of 1st period - Roope Hintz wins face-off versus Christoph Bertschy in Senators zone.
6:26 of 1st period - Roope Hintz is hit by Zemgus Girgensons and loses puck.
6:31 of 1st period - Penalty to Adam Ollas-Mattsson is over, Adam Ollas-Mattsson is back on ice.
6:37 of 1st period - Gavin Bayreuther is hit by Michael Matheson and loses puck.
6:46 of 1st period - Snap shot by Vitaly Abramov.
6:46 of 1st period - Shot Misses the Net.
7:10 of 1st period - Snap shot by Kevin Rooney.
7:10 of 1st period - Stopped by Connor Hellebyuk without a rebound.
7:11 of 1st period - Jordan Schroeder wins face-off versus Cedric Paquette in Penguins zone.
7:16 of 1st period - Snap shot by Oliver Bjorkstrand.
7:16 of 1st period - Stopped by Connor Hellebyuk with a rebound.
7:47 of 1st period - Anthony Beauvillier is hit by Joonas Lyytinen.
8:17 of 1st period - Wrist shot by Sam Reinhart.
8:17 of 1st period - Shot Misses the Net.
8:19 of 1st period - Slapshot by Christopher Tanev.
8:19 of 1st period - Shot Misses the Net.
9:03 of 1st period - Snap shot by Zemgus Girgensons.
9:03 of 1st period - Goal by Zemgus Girgensons - Senators : 1 - Penguins : 0.
9:04 of 1st period - Zachary Sanford wins face-off versus Roope Hintz in neutral zone.
9:25 of 1st period - Minor Penalty to Michael Matheson for Holding.
9:26 of 1st period - Christoph Bertschy wins face-off versus Josh Jooris in Senators zone.
9:35 of 1st period - Slapshot by Christoph Bertschy.
9:35 of 1st period - Stopped by Connor Hellebyuk without a rebound.
9:36 of 1st period - Roope Hintz wins face-off versus Christoph Bertschy in Penguins zone.
10:39 of 1st period - Snap shot by Josh Jooris.
10:39 of 1st period - Shot Blocked by Jordan Schroeder.
10:41 of 1st period - Slapshot by Dakota Mermis.
10:41 of 1st period - Deflect By Roope Hintz.
10:41 of 1st period - Shot Misses the Net.
10:41 of 1st period - Puck is out of play.
10:42 of 1st period - Christoph Bertschy wins face-off versus Cedric Paquette in Senators zone.
11:25 of 1st period - Penalty to Michael Matheson is over, Michael Matheson is back on ice.
11:39 of 1st period - Snap shot by A.J. Jenks.
11:39 of 1st period - Stopped by Connor Hellebyuk with a rebound.
11:41 of 1st period - Wrist shot by Grant Besse.
11:41 of 1st period - Shot Blocked by Danny Biega.
11:43 of 1st period - Wrist shot by Grant Besse.
11:43 of 1st period - Shot Misses the Net.
11:45 of 1st period - Snap shot by Kevin Rooney.
11:45 of 1st period - Stopped by Connor Hellebyuk without a rebound.
11:46 of 1st period - Frederick Gaudreau wins face-off versus Jordan Schroeder in Penguins zone.
12:11 of 1st period - Dakota Mermis is hit by Scott Harrington and loses puck.
12:29 of 1st period - Icing by Tomas Jurco.
12:30 of 1st period - Cedric Paquette wins face-off versus Jacob De La Rose in Senators zone.
12:37 of 1st period - Snap shot by Cedric Paquette.
12:37 of 1st period - Stopped by Garret Sparks with a rebound.
12:55 of 1st period - Zachary Sanford is hit by Andy Andreoff and loses puck.
13:20 of 1st period - Wrist shot by Jordan Schroeder.
13:20 of 1st period - Shot Misses the Net.
13:28 of 1st period - Snap shot by Oliver Bjorkstrand.
13:28 of 1st period - Stopped by Connor Hellebyuk with a rebound.
14:28 of 1st period - Snap shot by Tomas Jurco.
14:28 of 1st period - Stopped by Connor Hellebyuk with a rebound.
14:30 of 1st period - Snap shot by Christoph Bertschy.
14:30 of 1st period - Stopped by Connor Hellebyuk with a rebound.
14:32 of 1st period - Slapshot by Michael Matheson.
14:32 of 1st period - Stopped by Connor Hellebyuk without a rebound.
14:33 of 1st period - Jordan Schroeder wins face-off versus Andy Andreoff in Penguins zone.
14:36 of 1st period - Snap shot by Oliver Bjorkstrand.
14:36 of 1st period - Stopped by Connor Hellebyuk without a rebound.
14:37 of 1st period - Jordan Schroeder wins face-off versus Roope Hintz in Penguins zone.
14:40 of 1st period - Snap shot by Jordan Schroeder.
14:40 of 1st period - Shot Misses the Net.
15:58 of 1st period - Snap shot by Josh Jooris.
15:58 of 1st period - Stopped by Garret Sparks with a rebound.
16:32 of 1st period - Slapshot by Tomas Jurco.
16:32 of 1st period - Stopped by Connor Hellebyuk with a rebound.
16:34 of 1st period - Wrist shot by Dmitry Sinitsyn.
16:34 of 1st period - Shot Misses the Net.
16:36 of 1st period - Snap shot by Tomas Jurco.
16:36 of 1st period - Stopped by Connor Hellebyuk without a rebound.
16:37 of 1st period - Jordan Schroeder wins face-off versus Roope Hintz in Penguins zone.
17:26 of 1st period - A.J. Jenks is hit by Vince Hinostroza and loses puck.
17:55 of 1st period - Wrist shot by Anthony Beauvillier.
17:55 of 1st period - Shot Misses the Net.
17:57 of 1st period - Snap shot by Anthony Beauvillier.
17:57 of 1st period - Stopped by Garret Sparks without a rebound.
17:58 of 1st period - Andy Andreoff wins face-off versus Christoph Bertschy in Senators zone.
18:04 of 1st period - Off-side.
18:05 of 1st period - Christoph Bertschy wins face-off versus Roope Hintz in neutral zone.
18:30 of 1st period - Jordan Schroeder is hit by Vince Hinostroza and loses puck.
18:35 of 1st period - Wrist shot by Vince Hinostroza.
18:35 of 1st period - Stopped by Garret Sparks without a rebound.
18:36 of 1st period - Kyle Connor wins face-off versus Christoph Bertschy in Senators zone.
18:37 of 1st period - Wrist shot by Vince Hinostroza.
18:37 of 1st period - Deflect By Kyle Connor.
18:37 of 1st period - Stopped by Garret Sparks without a rebound.
18:38 of 1st period - Zachary Sanford wins face-off versus Cedric Paquette in Senators zone.
19:05 of 1st period - Snap shot by Roope Hintz.
19:05 of 1st period - Shot Misses the Net.
19:07 of 1st period - Snap shot by Josh Jooris.
19:07 of 1st period - Stopped by Garret Sparks without a rebound.
19:08 of 1st period - Roope Hintz wins face-off versus Jordan Schroeder in Senators zone.
19:11 of 1st period - Wrist shot by Andy Andreoff.
19:11 of 1st period - Shot Blocked by Scott Harrington.
19:13 of 1st period - Wrist shot by Roope Hintz.
19:13 of 1st period - Stopped by Garret Sparks with a rebound.
19:31 of 1st period - Wrist shot by Josh Jooris.
19:31 of 1st period - Stopped by Garret Sparks with a rebound.
Goals for this period are 1 for Senators vs 0 for Penguins.
Shots for this period are 16 for Senators vs 9 for Penguins.
2nd period
0:01 of 2nd period - Roope Hintz wins face-off versus Christoph Bertschy in neutral zone.
0:04 of 2nd period - Tomas Jurco is hit by Dakota Mermis and loses puck.
0:09 of 2nd period - Wrist shot by Josh Jooris.
0:09 of 2nd period - Shot Misses the Net.
0:11 of 2nd period - Slapshot by Dakota Mermis.
0:11 of 2nd period - Stopped by Garret Sparks with a rebound.
0:31 of 2nd period - Slapshot by Dmitry Sinitsyn.
0:31 of 2nd period - Shot Blocked by Christopher Tanev.
0:33 of 2nd period - Wrist shot by Jordan Schroeder.
0:33 of 2nd period - Stopped by Connor Hellebyuk without a rebound.
0:34 of 2nd period - Cedric Paquette wins face-off versus Jordan Schroeder in Penguins zone.
0:39 of 2nd period - Slapshot by Gavin Bayreuther.
0:39 of 2nd period - Shot Misses the Net.
0:41 of 2nd period - Snap shot by Vince Hinostroza.
0:41 of 2nd period - Shot Misses the Net.
0:55 of 2nd period - Roope Hintz is hit by Keegan Lowe and loses puck.
1:16 of 2nd period - Backhand shot by Michael Matheson.
1:16 of 2nd period - Stopped by Connor Hellebyuk without a rebound.
1:17 of 2nd period - Frederick Gaudreau wins face-off versus Christoph Bertschy in Penguins zone.
4:02 of 2nd period - Penalty Shot by Adam Brooks for Penguins.
4:02 of 2nd period - Snap shot by Adam Brooks.
4:02 of 2nd period - Stopped by Garret Sparks.
4:03 of 2nd period - Roope Hintz wins face-off versus Christoph Bertschy in Penguins zone.
4:33 of 2nd period - Slapshot by Dmitry Sinitsyn.
4:33 of 2nd period - Shot Misses the Net.
4:35 of 2nd period - Slapshot by Jordan Schroeder.
4:35 of 2nd period - Stopped by Connor Hellebyuk with a rebound.
4:57 of 2nd period - Backhand shot by Vince Hinostroza.
4:57 of 2nd period - Stopped by Garret Sparks with a rebound.
4:59 of 2nd period - Slapshot by Christopher Tanev.
4:59 of 2nd period - Stopped by Garret Sparks without a rebound.
5:00 of 2nd period - Andy Andreoff wins face-off versus Christoph Bertschy in Senators zone.
5:09 of 2nd period - Wrist shot by Roope Hintz.
5:09 of 2nd period - Deflect By Josh Jooris.
5:09 of 2nd period - Stopped by Garret Sparks with a rebound.
5:11 of 2nd period - Snap shot by Roope Hintz.
5:11 of 2nd period - Deflect By Josh Jooris.
5:11 of 2nd period - Stopped by Garret Sparks with a rebound.
5:32 of 2nd period - Slapshot by Gavin Bayreuther.
5:32 of 2nd period - Shot Misses the Net.
5:34 of 2nd period - Slapshot by Anthony Beauvillier.
5:34 of 2nd period - Shot Blocked by Zemgus Girgensons.
6:06 of 2nd period - Snap shot by Vince Hinostroza.
6:06 of 2nd period - Shot Misses the Net.
6:10 of 2nd period - Snap shot by Vince Hinostroza.
6:10 of 2nd period - Shot Misses the Net.
6:12 of 2nd period - Slapshot by Gavin Bayreuther.
6:12 of 2nd period - Shot Blocked by Dmitry Sinitsyn.
6:14 of 2nd period - Slapshot by Danny Biega.
6:14 of 2nd period - Stopped by Garret Sparks with a rebound.
6:24 of 2nd period - Snap shot by Josh Jooris.
6:24 of 2nd period - Stopped by Garret Sparks with a rebound.
6:26 of 2nd period - Snap shot by Andy Andreoff.
6:26 of 2nd period - Goal by Andy Andreoff - Senators : 1 - Penguins : 1.
6:27 of 2nd period - Roope Hintz wins face-off versus Christoph Bertschy in neutral zone.
6:31 of 2nd period - Off-side.
6:32 of 2nd period - Christoph Bertschy wins face-off versus Roope Hintz in neutral zone.
7:08 of 2nd period - Wrist shot by Oliver Bjorkstrand.
7:08 of 2nd period - Deflect By Sam Reinhart.
7:08 of 2nd period - Shot Misses the Net.
7:08 of 2nd period - Puck is out of play.
7:09 of 2nd period - Roope Hintz wins face-off versus Tomas Jurco in Penguins zone.
7:19 of 2nd period - Icing by Christoph Bertschy.
7:20 of 2nd period - Roope Hintz wins face-off versus Christoph Bertschy in Senators zone.
7:21 of 2nd period - Wrist shot by Josh Jooris.
7:21 of 2nd period - Shot Misses the Net.
7:45 of 2nd period - Tomas Jurco is hit by Sam Reinhart and loses puck.
8:32 of 2nd period - Iven Barbashev is hit by Tomas Jurco and loses puck.
8:51 of 2nd period - Snap shot by Christopher Tanev.
8:51 of 2nd period - Shot Misses the Net.
9:01 of 2nd period - Wrist shot by Christoph Bertschy.
9:01 of 2nd period - Shot Blocked by Dakota Mermis.
9:03 of 2nd period - Slapshot by Michael Matheson.
9:03 of 2nd period - Shot Blocked by Christopher Tanev.
9:05 of 2nd period - Slapshot by Dmitry Sinitsyn.
9:05 of 2nd period - Deflect By Christopher Tanev.
9:05 of 2nd period - Stopped by Connor Hellebyuk with a rebound.
9:43 of 2nd period - Wrist shot by Tomas Jurco.
9:43 of 2nd period - Shot Misses the Net.
9:51 of 2nd period - Slapshot by Christoph Bertschy.
9:51 of 2nd period - Shot Blocked by Dakota Mermis.
9:53 of 2nd period - Wrist shot by Dmitry Sinitsyn.
9:53 of 2nd period - Senators goal is going for a video replay.
9:53 of 2nd period - The goal is good.
9:53 of 2nd period - Goal by Dmitry Sinitsyn - Senators : 2 - Penguins : 1.
9:54 of 2nd period - Jordan Schroeder wins face-off versus Roope Hintz in neutral zone.
10:05 of 2nd period - Wrist shot by Oliver Bjorkstrand.
10:05 of 2nd period - Stopped by Connor Hellebyuk without a rebound.
10:06 of 2nd period - Roope Hintz wins face-off versus Jordan Schroeder in Penguins zone.
10:11 of 2nd period - Wrist shot by Zemgus Girgensons.
10:11 of 2nd period - Goal by Zemgus Girgensons - Senators : 3 - Penguins : 1.
10:12 of 2nd period - Roope Hintz wins face-off versus Jordan Schroeder in neutral zone.
10:14 of 2nd period - Minor Penalty to Roope Hintz for Holding.
10:15 of 2nd period - Jordan Schroeder wins face-off versus Cedric Paquette in Penguins zone.
10:19 of 2nd period - Snap shot by Jordan Schroeder.
10:19 of 2nd period - Stopped by Connor Hellebyuk with a rebound.
11:11 of 2nd period - Slapshot by Dakota Mermis.
11:11 of 2nd period - Shot Misses the Net.
11:14 of 2nd period - Icing by Jordan Schroeder.
11:15 of 2nd period - Denis Malgin wins face-off versus Jordan Schroeder in Senators zone.
11:42 of 2nd period - Cedric Paquette is hit by Zachary Sanford.
12:14 of 2nd period - Penalty to Roope Hintz is over, Roope Hintz is back on ice.
12:26 of 2nd period - Slapshot by Jacob De La Rose.
12:26 of 2nd period - Stopped by Connor Hellebyuk without a rebound.
12:27 of 2nd period - Adam Brooks wins face-off versus A.J. Jenks in Penguins zone.
12:36 of 2nd period - Slapshot by Iven Barbashev.
12:36 of 2nd period - Shot Blocked by Joonas Lyytinen.
12:38 of 2nd period - Snap shot by Adam Brooks.
12:38 of 2nd period - Shot Misses the Net.
12:40 of 2nd period - Slapshot by Matthew Finn.
12:40 of 2nd period - Stopped by Garret Sparks with a rebound.
12:42 of 2nd period - Slapshot by John Marino.
12:42 of 2nd period - Stopped by Garret Sparks with a rebound.
12:56 of 2nd period - Nikita Nesterov is hit by Roope Hintz and loses puck.
15:12 of 2nd period - Wrist shot by Zachary Sanford.
15:12 of 2nd period - Shot Misses the Net.
15:14 of 2nd period - Snap shot by Christoph Bertschy.
15:14 of 2nd period - Stopped by Connor Hellebyuk without a rebound.
15:15 of 2nd period - Roope Hintz wins face-off versus Christoph Bertschy in Penguins zone.
15:28 of 2nd period - Snap shot by Zachary Sanford.
15:28 of 2nd period - Shot Blocked by Gavin Bayreuther.
15:52 of 2nd period - Gavin Bayreuther is hit by Zachary Sanford and loses puck.
16:01 of 2nd period - Snap shot by Tomas Jurco.
16:01 of 2nd period - Stopped by Connor Hellebyuk with a rebound.
16:03 of 2nd period - Slapshot by Nikita Nesterov.
16:03 of 2nd period - Stopped by Connor Hellebyuk with a rebound.
16:05 of 2nd period - Snap shot by Christoph Bertschy.
16:05 of 2nd period - Stopped by Connor Hellebyuk without a rebound.
16:06 of 2nd period - Anthony Beauvillier wins face-off versus Jordan Schroeder in Penguins zone.
17:21 of 2nd period - Snap shot by Andy Andreoff.
17:21 of 2nd period - Shot Misses the Net.
17:23 of 2nd period - Wrist shot by Cedric Paquette.
17:23 of 2nd period - Shot Misses the Net.
17:25 of 2nd period - Snap shot by Cedric Paquette.
17:25 of 2nd period - Shot Misses the Net.
17:27 of 2nd period - Snap shot by Vince Hinostroza.
17:27 of 2nd period - Shot Misses the Net.
17:45 of 2nd period - Vince Hinostroza is hit by Joonas Lyytinen.
18:00 of 2nd period - John Marino is hit by Tomas Jurco and loses puck.
18:19 of 2nd period - Snap shot by Jordan Schroeder.
18:19 of 2nd period - Shot Misses the Net.
19:11 of 2nd period - Minor Penalty to Sam Reinhart for Slashing.
19:12 of 2nd period - Christoph Bertschy wins face-off versus Roope Hintz in Penguins zone.
19:19 of 2nd period - Slapshot by Christoph Bertschy.
19:19 of 2nd period - Deflect By Christopher Tanev.
19:19 of 2nd period - Shot Misses the Net.
19:19 of 2nd period - Puck is out of play.
19:20 of 2nd period - Christoph Bertschy wins face-off versus Roope Hintz in Penguins zone.
19:31 of 2nd period - Slapshot by Dakota Mermis.
19:31 of 2nd period - Stopped by Garret Sparks with a rebound.
19:33 of 2nd period - Slapshot by Christopher Tanev.
19:33 of 2nd period - Stopped by Garret Sparks without a rebound.
19:34 of 2nd period - Christoph Bertschy wins face-off versus Roope Hintz in Senators zone.
19:41 of 2nd period - Christopher Tanev is hit by Tomas Jurco and loses puck.
19:50 of 2nd period - Slapshot by Zachary Sanford.
19:50 of 2nd period - Stopped by Connor Hellebyuk with a rebound.
Goals for this period are 2 for Senators vs 1 for Penguins.
Shots for this period are 14 for Senators vs 12 for Penguins.
3rd period
0:01 of 3rd period - Christoph Bertschy wins face-off versus Roope Hintz in neutral zone.
0:32 of 3rd period - Wrist shot by Jordan Schroeder.
0:32 of 3rd period - Stopped by Connor Hellebyuk with a rebound.
1:11 of 3rd period - Penalty to Sam Reinhart is over, Sam Reinhart is back on ice.
1:24 of 3rd period - Wrist shot by Sam Reinhart.
1:24 of 3rd period - Shot Blocked by Keegan Lowe.
1:58 of 3rd period - Cedric Paquette is hit by Zemgus Girgensons and loses puck.
2:50 of 3rd period - Iven Barbashev is hit by Scott Harrington and loses puck.
3:03 of 3rd period - Snap shot by Vince Hinostroza.
3:03 of 3rd period - Shot Misses the Net.
3:09 of 3rd period - Slapshot by Jordan Schroeder.
3:09 of 3rd period - Shot Misses the Net.
3:11 of 3rd period - Wrist shot by Jordan Schroeder.
3:11 of 3rd period - Stopped by Connor Hellebyuk with a rebound.
3:41 of 3rd period - Anthony Beauvillier is hit by Christoph Bertschy and loses puck.
4:11 of 3rd period - Oliver Bjorkstrand is hit by Josh Jooris and loses puck.
4:18 of 3rd period - Wrist shot by Josh Jooris.
4:18 of 3rd period - Stopped by Garret Sparks without a rebound.
4:19 of 3rd period - Frederick Gaudreau wins face-off versus Christoph Bertschy in Senators zone.
5:17 of 3rd period - Matthew Finn is hit by Oliver Bjorkstrand and loses puck.
5:32 of 3rd period - Nikita Nesterov is hit by Iven Barbashev and loses puck.
5:41 of 3rd period - Snap shot by Curtis Hamilton.
5:41 of 3rd period - Stopped by Garret Sparks with a rebound.
5:43 of 3rd period - Wrist shot by John Marino.
5:43 of 3rd period - Stopped by Garret Sparks without a rebound.
5:44 of 3rd period - Christoph Bertschy wins face-off versus Cedric Paquette in Senators zone.
5:57 of 3rd period - Snap shot by Christoph Bertschy.
5:57 of 3rd period - Shot Misses the Net.
6:14 of 3rd period - Icing by Dakota Mermis.
6:15 of 3rd period - Roope Hintz wins face-off versus Zemgus Girgensons in Penguins zone.
6:20 of 3rd period - Snap shot by Roope Hintz.
6:20 of 3rd period - Shot Blocked by Oliver Bjorkstrand.
6:32 of 3rd period - Roope Hintz is hit by Oliver Bjorkstrand and loses puck.
6:57 of 3rd period - Wrist shot by Josh Jooris.
6:57 of 3rd period - Shot Misses the Net.
6:59 of 3rd period - Slapshot by Dakota Mermis.
6:59 of 3rd period - Stopped by Garret Sparks with a rebound.
7:01 of 3rd period - Wrist shot by Josh Jooris.
7:01 of 3rd period - Goal by Josh Jooris - Senators : 3 - Penguins : 2.
7:02 of 3rd period - Christoph Bertschy wins face-off versus Cedric Paquette in neutral zone.
7:11 of 3rd period - Wrist shot by Michael Matheson.
7:11 of 3rd period - Stopped by Connor Hellebyuk with a rebound.
7:13 of 3rd period - Snap shot by Tomas Jurco.
7:13 of 3rd period - Stopped by Connor Hellebyuk with a rebound.
7:15 of 3rd period - Slapshot by Tomas Jurco.
7:15 of 3rd period - Shot Misses the Net.
7:17 of 3rd period - Wrist shot by Tomas Jurco.
7:17 of 3rd period - Shot Blocked by Kyle Connor.
7:29 of 3rd period - Grant Besse is hit by Anthony Beauvillier and loses puck.
7:52 of 3rd period - Roope Hintz is hit by Zemgus Girgensons.
7:56 of 3rd period - Zemgus Girgensons is hit by Roope Hintz and loses puck.
8:19 of 3rd period - Snap shot by Iven Barbashev.
8:19 of 3rd period - Shot Blocked by Tomas Jurco.
8:21 of 3rd period - Backhand shot by Dakota Mermis.
8:21 of 3rd period - Stopped by Garret Sparks without a rebound.
8:22 of 3rd period - Jordan Schroeder wins face-off versus Cedric Paquette in Senators zone.
9:20 of 3rd period - Snap shot by Iven Barbashev.
9:20 of 3rd period - Shot Blocked by Keegan Lowe.
9:59 of 3rd period - Scott Harrington is hit by Christopher Tanev and loses puck.
10:33 of 3rd period - Snap shot by Scott Harrington.
10:33 of 3rd period - Stopped by Connor Hellebyuk with a rebound.
10:35 of 3rd period - Wrist shot by Kevin Rooney.
10:35 of 3rd period - Shot Blocked by Curtis Hamilton.
10:37 of 3rd period - Snap shot by Scott Harrington.
10:37 of 3rd period - Shot Blocked by Iven Barbashev.
10:39 of 3rd period - Snap shot by Keegan Lowe.
10:39 of 3rd period - Shot Blocked by Curtis Hamilton.
10:41 of 3rd period - Wrist shot by A.J. Jenks.
10:41 of 3rd period - Shot Blocked by Matthew Finn.
11:20 of 3rd period - Roope Hintz is hit by Michael Matheson and loses puck.
11:53 of 3rd period - Snap shot by Sam Reinhart.
11:53 of 3rd period - Stopped by Garret Sparks with a rebound.
11:56 of 3rd period - Icing by Nikita Nesterov.
11:57 of 3rd period - Kyle Connor wins face-off versus Christoph Bertschy in Senators zone.
12:00 of 3rd period - Wrist shot by Vince Hinostroza.
12:00 of 3rd period - Shot Blocked by Joonas Lyytinen.
12:02 of 3rd period - Wrist shot by Vince Hinostroza.
12:02 of 3rd period - Shot Misses the Net.
12:04 of 3rd period - Snap shot by Cedric Paquette.
12:04 of 3rd period - Stopped by Garret Sparks without a rebound.
12:05 of 3rd period - Jordan Schroeder wins face-off versus Cedric Paquette in Senators zone.
12:26 of 3rd period - Minor Penalty to Cedric Paquette for Holding.
12:27 of 3rd period - Zachary Sanford wins face-off versus Andy Andreoff in Penguins zone.
14:16 of 3rd period - Jordan Schroeder is hit by Adam Brooks.
14:26 of 3rd period - Penalty to Cedric Paquette is over, Cedric Paquette is back on ice.
14:57 of 3rd period - Snap shot by Jacob De La Rose.
14:57 of 3rd period - Stopped by Connor Hellebyuk with a rebound.
16:13 of 3rd period - Matthew Finn is hit by Scott Harrington and loses puck.
17:02 of 3rd period - Grant Besse is hit by Sam Reinhart and loses puck.
17:31 of 3rd period - Zemgus Girgensons is hit by Adam Brooks and loses puck.
17:40 of 3rd period - Snap shot by Iven Barbashev.
17:40 of 3rd period - Deflect By Adam Brooks.
17:40 of 3rd period - Shot Blocked by Keegan Lowe.
17:40 of 3rd period - Puck is out of play.
17:41 of 3rd period - Frederick Gaudreau wins face-off versus Jordan Schroeder in Senators zone.
17:44 of 3rd period - Snap shot by Frederick Gaudreau.
17:44 of 3rd period - Deflect By Sam Reinhart.
17:44 of 3rd period - Shot Misses the Net.
17:44 of 3rd period - Puck is out of play.
17:45 of 3rd period - Jordan Schroeder wins face-off versus Frederick Gaudreau in Senators zone.
18:18 of 3rd period - Snap shot by Zachary Sanford.
18:18 of 3rd period - Shot Blocked by Andy Andreoff.
18:34 of 3rd period - Wrist shot by Cedric Paquette.
18:34 of 3rd period - Shot Misses the Net.
19:02 of 3rd period - Keegan Lowe is hit by Roope Hintz and loses puck.
19:05 of 3rd period - Penguins, Connor Hellebyuk is pulled from the net.
19:27 of 3rd period - Christopher Tanev is hit by Christoph Bertschy and loses puck.
19:48 of 3rd period - Wrist shot by Zachary Sanford.
19:48 of 3rd period - Goal by Zachary Sanford - Senators : 4 - Penguins : 2.
19:48 of 3rd period - Connor Hellebyuk from Penguins was sent back in the game.
19:49 of 3rd period - A.J. Jenks wins face-off versus Cedric Paquette in neutral zone.
Goals for this period are 1 for Senators vs 1 for Penguins.
Shots for this period are 7 for Senators vs 8 for Penguins.
Output by the SimonT Hockey Simulator (STHS) for Francois Prevost